 Dungeon Crawl Stone Soup version 0.16-a0-1243-g6e0463c (webtiles) character file.

232 Kashira the Chopper (level 6, -7/48 HPs)
             Began as a Vine Stalker Berserker on Oct 13, 2014.
             Was a Priest of Trog.
             Killed from afar by an orc wizard (10 damage)
             ... with a magic dart
             ... on level 4 of the Dungeon.
             The game lasted 00:05:24 (2038 turns).

Kashira the Chopper (Vine Stalker Berserker)        Turns: 2038, Time: 00:05:24

Health: -7/48      AC:  5    Str: 26    XL:     6   Next: 4%
Magic:  0/8        EV: 13    Int:  8    God:    Trog [***...]
Gold:   140        SH:  0    Dex: 16    Spells: 0 memorised, 5 levels left

rFire  . . .     SeeInvis .     l - +1 flail (drain)
rCold  + . .     Clarity  .     i - +2 leather armour {rC+}
rNeg   . . .     SustAb   .     (no shield)
rPois  .         Gourm    .     (no helmet)
rElec  .         Spirit   +     (no cloak)
rCorr  .         Warding  .     (no gloves)
rMut   .         Stasis   .     (no boots)
MR     .....                    (no amulet)
Stlth  ..........               (no ring)
                                p - +3 ring of dexterity

@: berserking (expiring), very quick, not resistant to hostile enchantments,
extremely unstealthy
A: fangs 2, regeneration 2, magic shield, antimagic bite, no device heal 3, rot
immunity
a: Burn Spellbooks, Berserk, Trog's Hand, Renounce Religion


You were on level 4 of the Dungeon.
You worshipped Trog.
Trog was most pleased with you.
You were not hungry.

You visited 1 branch of the dungeon, and saw 4 of its levels.

You collected 140 gold pieces.

Inventory:

Hand weapons
 a - a +0 hand axe
 l - a +1 flail of draining (weapon)
Armour
 i - a +2 leather armour of cold resistance (worn)
Jewellery
 p - a +3 ring of dexterity (left hand)
Scrolls
 e - a scroll of random uselessness
 h - a scroll of recharging
 k - a scroll of enchant armour {unknown}
Potions
 g - 3 potions of curing {unknown}
 j - a potion of heal wounds {unknown}
 m - a potion of magic {unknown}
 n - 2 potions of haste {unknown}
Comestibles
 c - a bread ration
 d - a beef jerky
 f - a slice of pizza


   Skills:
 + Level 3.2 Fighting
 * Level 4.1 Axes
 + Level 1.7 Armour
 + Level 3.6 Dodging


You had 5 spell levels left.
You didn't know any spells.

Dungeon Overview and Level Annotations

Branches:
Dungeon (4/15)
 Temple: D:4-7

Altars:
Dithmenos


Innate Abilities, Weirdness & Mutations

You have extremely sharp teeth.
You heal very quickly.
When hurt, damage is shared between your health and your magic reserves.
Your bite disrupts and absorbs the magic of your enemies.
Potions and wands cannot restore your health.
You are immune to rotting.


Message History

The orc wizard gestures wildly while chanting.
The orc wizard blinks!
Unknown command.
You are too injured to fight recklessly!
Unknown command.
You thump the orc!
You kill the orc!
Trog accepts your kill.
The orc priest calls down the wrath of Beogh upon you.
Something smites you!
* * * LOW HITPOINT WARNING * * *
Something barely misses you.
You hit the orc. Your bite misses the orc.
The orc is heavily wounded.
The orc wizard mumbles some strange words.
The orc wizard blinks!
The orc priest looks braver.
You hear some strange, mumbled words.
The magic dart hits you!
You die...

. # ... . ##.
..##
#.#..#...≈≈
#....(...≈≈≈
#...#....≈
##..#...%#####
#.............
#....<.........
##..$.@o.......
#...[(........
#.....o......
#.....o......
..............
.............
..........§
......... ...


You could see an orc priest and 2 orcs.

Vanquished Creatures
  The ghost of Kashira the Chopper, an average VSBe of Trog (D:3)
  An orc wizard (D:3)
  Terence (D:2)
  A gnoll (D:1)
  4 adders
  2 worms (D:2)
  9 orcs
  3 bats (D:1)
  10 goblins
  5 hobgoblins
  5 jackals
  5 kobolds
  4 ball pythons
  4 giant cockroaches
  6 giant newts
  2 quokkas
  4 rats
67 creatures vanquished.

Vanquished Creatures (others)
  A butterfly (D:3)
1 creature vanquished.

Grand Total: 68 creatures vanquished

Notes
Turn   | Place    | Note
--------------------------------------------------------------
     0 | D:1      | Kashira, the Vine Stalker Berserker, began the quest for the Orb.
     0 | D:1      | Reached XP level 1. HP: 11/11 MP: 1/1
   145 | D:1      | Reached XP level 2. HP: 5/16 MP: 3/3
   314 | D:1      | Acquired Trog's second power
   394 | D:1      | Reached skill level 3 in Fighting
   394 | D:1      | Reached XP level 3. HP: 20/20 MP: 4/4
   593 | D:2      | Found a shadowy altar of Dithmenos.
   632 | D:2      | Noticed Terence
   637 | D:2      | Killed Terence
   779 | D:2      | Reached XP level 4. HP: 24/24 MP: 5/5
  1574 | D:3      | Reached XP level 5. HP: 17/28 MP: 5/7
  1806 | D:3      | Found a shadowy altar of Dithmenos.
  1911 | D:3      | Noticed Kashira's ghost (average VSBe)
  1915 | D:3      | Killed Kashira's ghost
  1915 | D:3      | Reached skill level 4 in Axes
  2034 | D:4      | Gained mutation: You heal very quickly. [vine stalker growth]
  2034 | D:4      | Reached XP level 6. HP: 16/32 MP: 3/8
  2038 | D:4      | Killed from afar by an orc wizard

Action                   |  1- 3 |  4- 6 || total
-------------------------+-------+-------++-------
Melee: Hand axe          |    74 |       ||    74
       Flail             |     8 |    99 ||   107
Invok: Berserk           |     1 |     3 ||     4
  Use: Scroll            |       |     3 ||     3
  Eat: Chunk             |       |     5 ||     5
       Royal jelly       |       |     1 ||     1
